 Dungeon Crawl Stone Soup version 0.24-a0-640-ge7cd8ce796 (webtiles) character file.

Game seed: 7224969236696098555, levelgen mode: deterministic

26 Gargoyl the Skirmisher (level 2, 0/26 HPs)
             Began as a Centaur Abyssal Knight on Sept 24, 2019.
             Was a Follower of Lugonu.
             Succumbed to an adder's poison
             ... on level 2 of the Dungeon.
             The game lasted 00:01:33 (1101 turns).

Gargoyl the Skirmisher (Centaur Abyssal Knight)     Turns: 1101, Time: 00:01:34

Health: 0/26       AC:  4    Str: 18    XL:     2   Next: 89%
Magic:  3/3        EV:  9    Int: 11    God:    Lugonu [*.....]
Gold:   130        SH:  0    Dex: 10    Spells: 1/1 levels left

rFire    . . .     SeeInvis .   a - +1 hand axe
rCold    . . .     Gourm    .   (no shield)
rNeg     . . .     Faith    .   b - +0 leather armour
rPois    .         Spirit   .   (no helmet)
rElec    .         Reflect  .   (no cloak)
rCorr    +         Harm     .   (no gloves)
MR       .....                  (no barding)
Stlth    ..........             (no amulet)
HPRegen  0.08/turn              d - ring of Awe {rCorr Str+4 Dex+2}
MPRegen  0.08/turn              (no ring)

@: lethally poisoned (0 -> -10), hasted, very quick
A: large, hooves 3, deformed body, speed 2, tough skin 3
a: Depart the Abyss, Renounce Religion


You were on level 2 of the Dungeon.
You worshipped Lugonu.
Lugonu was aware of your devotion.
You were not hungry.

You visited 1 branch of the dungeon, and saw 2 of its levels.
You visited the Abyss 1 time.

You collected 130 gold pieces.

Inventory:

Hand Weapons
 a - a +1 hand axe (weapon)
Armour
 b - a +0 leather armour (worn)
Jewellery
 d - the ring of Awe (left hand) {rCorr Str+4 Dex+2}
   (You found it on level 2 of the Abyss)

   [ring of resist corrosion]

   It affects your strength (+4).
   It affects your dexterity (+2).
   It provides partial protection from all sources of acid and corrosion.
Scrolls
 f - 3 scrolls of identify
 i - a scroll of amnesia {unknown}
Potions
 e - 2 potions of lignification {unknown}
 h - a potion of invisibility {unknown}
Comestibles
 c - 3 rations
 j - 2 chunks of flesh


   Skills:
 + Level 3.4 Fighting
 + Level 2.1 Axes
 * Level 1.6 Armour
 * Level 0.9 Dodging
 * Level 2.2 Invocations


You had one spell level left.
You didn't know any spells.
Your spell library was empty.

Dungeon Overview and Level Annotations

Branches:
Dungeon (2/15)

Altars:


Innate Abilities, Weirdness & Mutations

You have hooves in place of feet.
Armour fits poorly on your strangely shaped body.
You cover ground very quickly.
You have extremely tough skin. (AC +3)


Message History

The adder is heavily wounded.
You barely miss the hobgoblin. The adder barely misses you.
The hobgoblin closely misses you.
Unknown command.
You barely miss the adder. Your kick misses the adder.
The adder is heavily wounded.
You hit the hobgoblin but do no damage.
You feel sick. The adder bites you.
* * * LOW HITPOINT WARNING * * *
The hobgoblin barely misses you. The adder bites you but does no damage.
Unknown command.
You barely miss the adder. Your kick misses the adder.
The adder is heavily wounded.
You closely miss the hobgoblin. The adder bites you.
* * * LOW HITPOINT WARNING * * *
You are more poisoned.
The adder poisons you!
The hobgoblin hits you but does no damage.
The adder barely misses you.
It was a potion of haste.
You feel yourself speed up.
You die...

.%..# #.#.# (..#
...#.## . .....#
### #.#r##.#...
#.#g##.#.###
##..@S.......
#...†.#.#.#####
#..............
..............$..
#........#.#.##..#
#..#.......#.#....
......####.#......
...... #........
.....####........


You could see an adder, a hobgoblin and a rat.

Vanquished Creatures
  2 dart slugs (D:1)
  A leopard gecko (D:1)
  4 giant cockroaches
  3 goblins (D:1)
  2 hobgoblins
  2 bats (D:1)
  3 frilled lizards
  A kobold (D:1)
  3 rats (D:2)
21 creatures vanquished.

Notes
Turn   | Place    | Note
-------+----------+-------------------------------------------
     0 | Abyss:1  | Gargoyl the Centaur Abyssal Knight began the quest for the
                  | Orb.
     0 | Abyss:1  | Reached XP level 1. HP: 19/19 MP: 2/2
    46 | Abyss:1  | Noticed a snapping turtle zombie
    59 | Abyss:1  | Noticed a starcursed mass
    61 | Abyss:1  | Noticed a small abomination
    82 | Abyss:1  | Noticed a small abomination
   103 | Abyss:2  | Got a serpentine platinum ring
   104 | Abyss:2  | Identified the ring of Awe {rCorr Str+4 Dex+2} (You found
                  | it on level 2 of the Abyss)
   158 | Abyss:2  | Noticed a starcursed mass
   186 | Abyss:2  | Noticed a sixfirhy
   187 | D:1      | Escaped the Abyss
   206 | D:1      | Reached * piety under Lugonu
   386 | D:1      | Reached XP level 2. HP: 16/26 MP: 3/3
  1100 | D:2      | HP: 1/26 [adder (4)]
  1101 | D:2      | Succumbed to an adder's poison

Levels and vault maps discovered:
D:1:      minmay_arrival_checkered_box, layout_basic
D:2:      layout_basic, fedhas_ov_isle_minmay

Skill      XL: |  1 |
---------------+----+-----
Axes           | 2 |  2.1
Fighting       | |  3.4
Armour         | |  1.6
Dodging        | |  0.9
Invocations    | |  2.2

Action                   || total
-------------------------++-------
Melee: Hand axe          ||    46
       Kick              ||     8
Invok: Depart the Abyss  ||     1
  Use: Scroll            ||     1
       Potion            ||     1
Armor: Leather armour    ||    28
Dodge: Dodged            ||    34

Table legend:
 A = Non-vault XP
 B = Vault XP
 C = Vault XP percentage of total XP
 D = Non-vault monster count
 E = Vault monster count
 F = Vault count percentage of total count
                 A         B        C        D         E       F
            +---------+---------+-------+---------+---------+-------
      Total |      38 |       0 |   0.0 |      21 |       0 |   0.0
            +---------+---------+-------+---------+---------+-------
        D:1 |      26 |       0 |   0.0 |      13 |       0 |   0.0
        D:2 |      12 |       0 |   0.0 |       8 |       0 |   0.0
            +---------+---------+-------+---------+---------+-------
